Map: Ever Dream LE

Players

JKR

  • Race: Protoss Protoss
  • League: Master
  • Spawn Location: 7:00

Vanillasky - Winner!

  • Race: Protoss Protoss
  • League: Master
  • Spawn Location: 1:00

VOD

Have the link to the VOD?

Description

Time

  • Played on: June 22, 2020, 5:26 a.m.
  • Length: 7:35
Show
View Real Time Build Order
Export as new Build Order

JKR Protoss 

Build Orders:  

Get SALT Encoding   

  12  0:01  Probe  
  13  0:13  Probe  
  14  0:17  Pylon  
  14  0:25  Probe  
  15  0:38  Probe, Gateway  
  16  0:43  Assimilator  
  16  0:46  Probe  
  16  0:54  Probe  
  17  1:00  Assimilator  
  18  1:05  Probe  
  19  1:13  Gateway  
  19  1:18  Probe  
  20  1:25  Cybernetics Core  
  20  1:28  Pylon  
  20  1:31  Probe  
  21  1:43  Probe  
  22  1:52  Warp Gate  
  22  1:55  Probe  
  23  2:02  Stalker x2  
  27  2:32  Stalker  
  27  2:33  Nexus  
  29  2:39  Pylon  
  29  2:48  Robotics Facility  
  29  2:56  Stalker  
  31  3:06  Pylon  
  31  3:14  Probe  
  31  3:22  Probe  
  32  3:30  Probe  
  32  3:32  Twilight Council  
  33  3:38  Immortal  
  37  3:41  Probe  
  37  3:43  Probe  
  39  3:51  Probe  
  39  3:53  Probe  
  40  4:00  Probe  
  41  4:03  Forge  
  41  4:05  Probe  
  43  4:12  Probe  
  43  4:16  Charge  
  44  4:18  Probe  
  45  4:24  Probe  
  45  4:25  Stalker x2  
  49  4:35  Protoss Ground Weapons Level 1  
  48  4:38  Probe x2  
  48  4:43  Assimilator  
  48  4:46  Probe  
  48  4:50  Probe  
  50  4:54  Probe  
  51  5:00  Pylon  
  51  5:02  Probe  
  51  5:04  Probe  
  51  5:06  Gateway  
  53  5:15  Probe  
  53  5:18  Immortal, Probe  
  59  5:27  Probe  
  60  5:30  Gateway  
  60  5:32  Gateway  
  60  5:33  Probe  
  61  5:38  Pylon  
  61  5:40  Assimilator  
  61  5:46  Pylon  
  61  5:48  Immortal  
  61  5:53  Shield Battery  
  61  5:57  Sentry x2  
  69  6:05  Sentry  
  71  6:12  Probe  
  71  6:16  Probe  
  73  6:27  Pylon  
  73  6:30  Stalker x2  
  77  6:35  Pylon  
  73  6:51  Pylon  
  73  6:52  Pylon  
  67  6:55  Zealot x5  
  61  7:16  Zealot x3  
  61  7:17  Zealot x2  
  61  7:22  Shield Battery  
  67  7:25  Gateway  
  67  7:29  Gateway  
Show
View Real Time Build Order
Export as new Build Order

Vanillasky Protoss - Winner!

Build Orders:  

Get SALT Encoding   

  12  0:00  Probe  
  13  0:12  Probe  
  14  0:17  Pylon  
  14  0:23  Probe  
  15  0:31  Probe  
  15  0:39  Gateway  
  15  0:40  Probe  
  16  0:48  Assimilator  
  17  0:51  Probe  
  17  0:54  Assimilator  
  18  0:59  Probe  
  19  1:09  Probe  
  19  1:10  Gateway  
  20  1:19  Probe  
  21  1:27  Cybernetics Core  
  21  1:32  Probe  
  22  1:33  Pylon  
  22  1:44  Probe  
  23  1:56  Probe  
  24  2:04  Adept x2, Warp Gate  
  24  2:08  Probe  
  29  2:13  Pylon  
  29  2:25  Pylon  
  29  2:33  Stalker  
  29  2:34  Stalker  
  33  2:43  Robotics Facility  
  33  2:59  Shield Battery  
  33  3:04  Nexus  
  33  3:18  Probe  
  34  3:30  Immortal  
  34  3:32  Probe  
  39  3:36  Pylon  
  39  3:43  Twilight Council  
  39  4:02  Sentry  
  41  4:07  Sentry  
  47  4:10  Immortal  
  47  4:19  Resonating Glaives  
  47  4:21  Probe  
  46  4:40  Probe  
  46  4:41  Probe  
  46  4:42  Sentry  
  48  4:48  Warp Prism  
  50  4:53  Probe  
  50  4:54  Probe, Gateway  
  50  4:59  Gateway  
  52  5:04  Probe x2  
  52  5:06  Gateway  
  52  5:14  Probe  
  54  5:18  Gateway  
  55  5:22  Gateway  
  55  5:25  Pylon  
  55  5:30  Probe x2  
  55  5:32  Sentry x2  
  61  5:42  Pylon  
  61  5:54  Probe  
  62  6:19  Adept x4  
  62  6:20  Adept x3  
  76  6:34  Pylon  
  76  6:37  Pylon  
  74  6:40  Pylon  
  68  6:55  Adept x7  
  64  7:16  Adept x7  
Tags
 
Matchup
PvP
Spawn Locations
Cross Positions
Add a new tag
Caveats
  • Supply blocks, unpowered buildings, or Contaminate may cause inaccurate times.
  • Supply counts are checked every 10 seconds.